 Dungeon Crawl Stone Soup version 0.17.0-7-gfadd4cc (webtiles) character file.

86269 fotsohgehT the Black Sun (level 15, 162/162 HPs)
             Began as a Purple Draconian Wizard on Nov 7, 2015.
             Was a High Priest of Kikubaaqudgha.
             Took a swim in molten lava
             ... on level 2 of the Lair of Beasts on Nov 8, 2015.
             The game lasted 06:30:08 (43832 turns).

fotsohgehT the Black Sun (Purple Draconian Wizard) Turns: 43832, Time: 06:30:08

Health: 162/162    AC: 29    Str: 16    XL:     15   Next: 40%
Magic:  2/35       EV: 20    Int: 39    God:    Kikubaaqudgha [*****.]
Gold:   1460       SH: 12    Dex: 14    Spells: 5 memorised, 11 levels left

rFire  . . .     SeeInvis .     W - +4 rapier (distort)
rCold  x . .     Clarity  +     (armour unavailable)
rNeg   + + .     SustAt   .     (no shield)
rPois  +         Gourm    .     a - +0 hat
rElec  .         Spirit   .     p - +2 cloak of the Bulwark {rC- rN++ Int+7}
rCorr  .         Warding  .     X - +3 pair of gloves of Lomoacyst {Int+4 Dex+4}
rMut   .         Stasis   .     r - +0 pair of boots
MR     ++...                    (no amulet)
Stlth  ++........               b - ring of poison resistance
                                d - ring of magical power

@: mighty, brilliant, very slightly contaminated, corpse armour, very resistant
to hostile enchantments, unstealthy
A: breathe power, unfitting armour, claws 1, clarity, robust 2, cold-blooded, AC
+9
a: Breathe Dispelling Energy, Receive Corpses, Torment, Renounce Religion


You were on level 2 of the Lair of Beasts.
You worshipped Kikubaaqudgha.
Kikubaaqudgha was extremely pleased with you.
You were full.

You visited 5 branches of the dungeon, and saw 25 of its levels.
You also visited: Sewer and Ice Cave.

You collected 2339 gold pieces.
You spent 879 gold pieces at shops.

Inventory:

Hand Weapons
 W - a +4 rapier of distortion (weapon)
Armour
 a - a +0 hat (worn)
 p - the +2 cloak of the Bulwark (worn) {rC- rN++ Int+7}
   (You found it on level 4 of the Orcish Mines)

   It affects your intelligence (+7).
   It makes you vulnerable to cold.
   It greatly protects you from negative energy.
 r - a +0 pair of boots (worn)
 X - the +3 pair of gloves of Lomoacyst (worn) {Int+4 Dex+4}
   (You bought it in a shop on level 3 of the Orcish Mines)

   It affects your intelligence (+4).
   It affects your dexterity (+4).
Magical Staves
 y - an uncursed staff of wizardry
 G - an uncursed staff of death
 J - an uncursed staff of fire
Rods
 t - a +1 rod of shadows (13/13)
   (You found it on level 5 of the Lair of Beasts)
Jewellery
 b - a ring of poison resistance (right hand)
 d - a ring of magical power (left hand)
 O - an uncursed ring of protection from cold
 U - an uncursed ring of protection from cold
Wands
 j - a wand of fire (2)
 q - a wand of magic darts (34)
 w - a wand of confusion (26)
 B - a wand of random effects (26)
 D - a wand of draining (1)
 N - a wand of disintegration (9)
 V - a wand of paralysis (7)
Scrolls
 i - a scroll of blinking
 k - 6 scrolls of remove curse
 m - 4 scrolls of recharging
 s - 2 scrolls of teleportation
 u - a scroll of identify
 v - 3 scrolls of fog
 F - 5 scrolls of enchant armour
Potions
 e - 4 potions of heal wounds
 h - 4 potions of might
 l - 12 potions of curing
 o - a potion of berserk rage
 x - 2 potions of magic
 z - 3 potions of brilliance
 C - 2 potions of lignification
 H - a potion of invisibility
 L - a potion of mutation
 Z - a potion of cancellation
Books
 M - a book of Party Tricks

   Spells                             Type                      Level
   a - Summon Butterflies             Summoning                    1
   b - Apportation                    Translocation                1
   c - Tukima's Dance                 Hexes                        3
   d - Alistair's Intoxication        Transmutation/Poison         4
   e - Invisibility                   Hexes                        6
 P - the Compendium of Contamination
   (You found it in an ice cave)

   Spells                             Type                      Level
   a - Cure Poison                    Poison                       2
   b - Spider Form                    Transmutation/Poison         3
   c - Olgreb's Toxic Radiance        Poison                       4
 Q - Kikubaaqudgha's Handbook of Sinister Arts
   (Kikubaaqudgha gifted it to you on level 7 of the Dungeon)

   Spells                             Type                      Level
   a - Animate Dead                   Necromancy                   4
   b - Excruciating Wounds            Charms/Necromancy            5
   c - Agony                          Necromancy                   5
   d - Dispel Undead                  Necromancy                   5
   e - Death Channel                  Necromancy                   6
 S - a book of Ice

   Spells                             Type                      Level
   a - Ice Form                       Ice/Transmutation            4
   b - Metabolic Englaciation         Hexes/Ice                    5
   c - Ozocubu's Refrigeration        Ice                          6
   d - Bolt of Cold                   Conjuration/Ice              6
   e - Freezing Cloud                 Conjuration/Ice/Air          6
   f - Simulacrum                     Ice/Necromancy               6
Miscellaneous
 f - a sack of spiders
Comestibles
 c - 5 bread rations
 g - 3 meat rations
 I - 8 beef jerkies
 K - 14 fruits


   Skills:
 + Level 13.1 Fighting
 - Level 6.2 Short Blades
 + Level 12.8 Dodging
 - Level 1.7 Stealth
 - Level 7.6 Spellcasting
 - Level 5.9 Conjurations
 - Level 5.5 Hexes
   Level 1.0 Summonings
 + Level 14.3 Necromancy
 - Level 1.0 Translocations
   Level 4.6 Fire Magic
 - Level 5.5 Air Magic
 - Level 5.8 Poison Magic


You had 11 spell levels left.
You knew the following spells:

 Your Spells              Type           Power        Failure   Level  Hunger
a - Cigotuvi's Embrace    Necr           ########..   1%          5    ###....
b - Mephitic Cloud        Conj/Pois/Air  ######..     1%          3    None
d - Confuse               Hex            ######..     1%          3    None
e - Blink                 Tloc           N/A          1%          2    None
g - Agony                 Necr           ########     1%          5    ###....


Dungeon Overview and Level Annotations

Branches:
Dungeon (11/15)            Temple (0/1) D:7            Lair (8/8) D:11
  Swamp (1/4) Lair:4       Spider (1/4) Lair:6        Slime (0/6) Lair:6
    Orc (4/4) D:11            Elf (0/3) Orc:4

Altars:
Ashenzari
Kikubaaqudgha
Ru
Xom
Yredelemnul
Zin
The Shining One
Beogh
Jiyva

Shops:
Orc:1 ?   Orc:3 ![(**   Orc:4 }:(%%

Portals:
Pandemonium: Orc:4
Trove: D:10 (give 20 potions of curing)

Annotations:
D:2 Sigmund
D:3 exclusion: orc wizard
D:4 kosy22's ghost, amateur GrFi
D:8 Joseph
D:10 exclusion: downstairs
Lair:1 exclusion: oklob plant, Erica
Lair:2 exclusion: 3 oklob plants, Rupert
Lair:4 Harold
Lair:5 2 exclusions
Lair:7 1 exclusion
Lair:8 exclusion: ice statue
Abyss:1 Maud


Innate Abilities, Weirdness & Mutations

You can breathe bolts of dispelling energy.
Your rich purple scales are hard (AC +9).
Your body does not fit into most forms of armour.
You are cold-blooded and may be slowed by cold attacks.
You have sharp fingernails.
You possess an exceptional clarity of mind.
You are very robust (+20% HP).


Message History

You have got your breath back.
Rupert roars madly and goes into a rage!
Rupert goes berserk!
Enter note: ffs
Enter note: ruprert plz
Enter note: wtf r u doing man
Enter note: just fuken para me already wtf Drink which item? (? for menu, Esc to quit)
You would burn in your new form.
Kikubaaqudgha delivers you corpses!
You feel slightly less full.
You feel a little less agile now.
Careful!
You are starting to lose your buoyancy.
You feel less vulnerable to hostile enchantments.
A chunk of your corpse armour falls away.
A chunk of your corpse armour falls away.
You float gracefully downwards.
You fall into the lava!
The lava burns you to a cinder!
You die...
Kikubaaqudgha rasps: "You have failed me!
Welcome... death!"

## .P###.PPPP###.# .###
##PPP.....P..'.#
P..##.....PPPP...P###
P.PP...P.PPPPP.##P.#
.P..P.....##..###### #
P..PP.P# ##.#### §#
..####..####..#..###≈≈#
### #...##..≈≈≈§§# P#
####.#≈@§≈§≈§# ##
#.≈≈≈≈§≈§§#
#############..@#######
.........../....#
...............##
...............#
...............#
...............#
...............##


You could see Rupert (berserk).

Vanquished Creatures
  A frost giant (IceCv)
  8 hydras
  2 catoblepae (Lair:8)
  2 orc high priests (Orc:4)
  Urug (Lair:2)
  The ghost of zkyp the Soothsayer, a novice HaAr of Nemelex Xobeh (D:8)
  8 death yaks
  2 soul eaters (Orc:4)
  A torturous demonspawn (Orc:4)
  2 hill giants
  An orc knight (Orc:4)
  4 orc sorcerers (Orc:4)
  An ugly thing (D:11)
  3 griffons
  2 elephants (Lair:8)
  2 centaur zombies (D:11)
  2 manticores (Lair:8)
  Maurice (Orc:2)
  6 black mambas
  An ice statue (IceCv)
  A cyclops (D:11)
  11 spiny frogs
  A centaur skeleton (D:10)
  An orange demon (Orc:4)
  11 komodo dragons
  13 polar bears
  6 fire drakes
  A kobold demonologist (D:11)
  A queen bee (Lair:3)
  3 two-headed ogres
  A troll (D:11)
  21 blink frogs
  2 raiju (Lair:8)
  44 yaks
  3 wyverns
  A steam dragon (D:9)
  A hungry ghost (D:8)
  3 basilisks
  26 wolves
  A chaos spawn (Orc:4)
  8 hippogriffs
  A deep elf fighter (D:11)
  5 swamp worms (Lair:4)
  2 soldier ants
  9 wargs
  A hell hound (Lair:8)
  30 orc warriors
  24 water moccasins
  12 porcupines
  4 sky beasts
  8 ice beasts
  A phantom (D:9)
  A boggart (D:9)
  12 black bears
  21 crocodiles
  7 ogres
  Blork the orc (D:6)
  22 giant frogs
  A big kobold (D:9)
  A brain worm (Lair:5)
  3 centaurs
  A wyvern zombie (D:9)
  2 wyvern skeletons
  32 killer bees
  4 scorpions
  4 electric eels
  2 quasits
  7 crimson imps
  3 wights (D:10)
  16 hounds
  3 giant frog zombies
  3 jellies
  27 orc priests
  29 orc wizards
  4 giant frog skeletons
  34 worker ants
  8 iguanas
  2 killer bee zombies
  57 sheep
  2 hound zombies (D:6)
  2 worker ant zombies
  6 gnolls
  11 adders
  A shadow imp (D:11)
  9 white imps (Orc:2)
  94 river rats
  5 oozes
  An adder skeleton (D:9)
  6 worms
  13 giant geckos
  168 orcs
  12 ball pythons (Sewer)
  2 hobgoblins
  10 jackals
  3 quokkas
  10 bats
  5 giant cockroaches
  3 giant newts
  6 goblins
  13 kobolds
  35 rats
  3 fungi
  5 plants (Lair:2)
1040 creatures vanquished.

Vanquished Creatures (collateral kills)
  A crocodile (Lair:3)
  A killer bee (Lair:3)
  A river rat (Sewer)
  A shadow imp (D:6)
  A fungus (Lair:3)
5 creatures vanquished.

Vanquished Creatures (others)
  A catoblepas (Lair:8)
  2 death yaks
  A fire crab (Lair:8)
  An infernal demonspawn (Orc:4)
  A gelid demonspawn (Orc:4)
  2 orc knights (Orc:4)
  A cyclops (Orc:4)
  2 orc sorcerers
  An oklob plant (Lair:2)
  A black mamba (Lair:7)
  2 elephants (Lair:8)
  2 spiny frogs
  A smoke demon (Orc:4)
  2 komodo dragons
  A blue devil (Lair:8)
  8 polar bears
  A boulder beetle (Lair:4)
  17 yaks
  A wyvern (D:11)
  A swamp worm (Lair:5)
  3 hippogriffs
  A hell hound (Lair:8)
  4 wolves
  2 wargs (Lair:8)
  A water moccasin (Lair:8)
  2 soldier ants (Lair:4)
  6 orc warriors
  A human (D:3)
  A crocodile (Lair:3)
  A big kobold (D:11)
  A giant frog (Lair:3)
  3 orc priests
  3 iguanas
  An orc wizard (Orc:2)
  2 sheep (Lair:6)
  6 river rats
  2 white imps (Orc:2)
  2 worms (Lair:5)
  10 orcs
  A giant newt (D:4)
  5 bushes
  125 fungi
  94 plants
326 creatures vanquished.

Grand Total: 1371 creatures vanquished

Notes
Turn   | Place    | Note
--------------------------------------------------------------
     0 | D:1      | fotsohgehT the Draconian Wizard began the quest for the Orb.
     0 | D:1      | Reached XP level 1. HP: 14/14 MP: 4/4
   353 | D:1      | Reached XP level 2. HP: 20/20 MP: 6/6
   783 | D:2      | Noticed Sigmund
   901 | D:2      | Reached XP level 3. HP: 18/26 MP: 6/8
  1030 | D:2      | Learned a level 3 spell: Mephitic Cloud
  1106 | D:3      | Found a sacrificial altar of Ru.
  1123 | D:3      | Found an ancient bone altar of Kikubaaqudgha.
  1130 | D:3      | Noticed a human
  1133 | D:3      | Killed a human
  1139 | D:3      | Became a worshipper of Kikubaaqudgha
  1753 | D:3      | Reached skill level 1 in Necromancy
  1753 | D:3      | Reached XP level 4. HP: 33/33 MP: 8/9
  1916 | D:3      | Reached skill level 1 in Air Magic
  1916 | D:3      | Reached skill level 1 in Poison Magic
  1982 | D:4      | Noticed kosy22's ghost (amateur GrFi)
  1995 | D:3      | Learned a level 3 spell: Conjure Flame
  1998 | D:3      | Learned a level 2 spell: Call Imp
  2010 | D:4      | Reached skill level 4 in Spellcasting
  2036 | D:4      | Killed an orc warrior
  2043 | D:4      | Learned a level 2 spell: Blink
  2067 | D:4      | Noticed an ogre
  2080 | D:4      | Found a shimmering altar of Xom.
  2099 | D:5      | Entered Level 5 of the Dungeon
  2115 | D:5      | Found a glowing drain.
  2214 | Sewer    | Entered a sewer
  2283 | Sewer    | Reached XP level 5. HP: 38/38 MP: 7/11
  2467 | Sewer    | Reached * piety under Kikubaaqudgha
  2467 | Sewer    | Received a gift from Kikubaaqudgha
  2468 | Sewer    | Identified Kikubaaqudgha's Reference Book on Black Rituals (Kikubaaqudgha gifted it to you in a sewer)
  2552 | Sewer    | cmon stop lagging plz
  3323 | Sewer    | Noticed a giant frog
  3325 | Sewer    | Noticed a giant frog
  3333 | Sewer    | Killed a giant frog
  3333 | Sewer    | Reached XP level 6. HP: 35/45 MP: 0/12
  3540 | Sewer    | Killed a giant frog
  3609 | D:5      | afk
  3609 | D:5      | if you wanna tell me how much of a dick i am plz wait
  3710 | D:5      | Reached skill level 1 in Fire Magic
  4008 | D:5      | Your scales start taking on a rich purple colour.
  4008 | D:5      | Reached XP level 7. HP: 50/50 MP: 13/14
  4241 | D:5      | Reached ** piety under Kikubaaqudgha
  4279 | D:5      | Noticed an ogre
  5203 | D:6      | Noticed Blork the orc
  5205 | D:6      | Found a shattered altar of Ashenzari.
  5211 | D:6      | Found a basalt altar of Yredelemnul.
  5214 | D:6      | Found a glowing silver altar of Zin.
  5485 | D:6      | Reached XP level 8. HP: 57/57 MP: 15/15
  5617 | D:6      | Learned a level 2 spell: Repel Missiles
  5995 | D:6      | Found a shattered altar of Ashenzari.
  6374 | D:6      | Killed Blork the orc
  6374 | D:6      | Reached skill level 5 in Conjurations
  6374 | D:6      | Reached skill level 5 in Poison Magic
  6435 | D:5      | Killed an ogre
  7007 | D:6      | Reached skill level 5 in Air Magic
  7081 | D:6      | Gained mutation: You evolve. [mutagenic meat]
  7316 | D:6      | Gained mutation: You are resistant to hostile enchantments. [evolution]
  7547 | D:7      | Reached XP level 9. HP: 59/62 MP: 16/16
  7820 | D:7      | Reached skill level 1 in Fighting
  8004 | D:7      | Reached *** piety under Kikubaaqudgha
  8004 | D:7      | Received a gift from Kikubaaqudgha
  8005 | D:7      | Identified Kikubaaqudgha's Handbook of Sinister Arts (Kikubaaqudgha gifted it to you on level 7 of the Dungeon)
  8211 | D:7      | Found a staircase to the Ecumenical Temple.
  8386 | D:8      | Lost mutation: You are resistant to hostile enchantments. [evolution]
  8471 | D:8      | Noticed Joseph
  8666 | D:8      | Noticed zkyp's ghost (novice HaAr)
  8742 | D:8      | Killed zkyp's ghost
  8795 | D:8      | also, thats how you deal with ghosts
  9072 | D:8      | Reached skill level 5 in Necromancy
  9390 | D:9      | Reached XP level 10. HP: 77/80 MP: 17/17
  9425 | D:9      | Found a glowing golden altar of the Shining One.
  9477 | D:9      | Reached skill level 5 in Fighting
  9674 | D:9      | Reached skill level 6 in Necromancy
  9925 | D:9      | Reached skill level 5 in Dodging
 10182 | D:9      | Noticed a hill giant
 10433 | D:9      | Reached **** piety under Kikubaaqudgha
 10542 | D:9      | Noticed a komodo dragon
 10602 | D:9      | Reached skill level 7 in Necromancy
 10696 | D:9      | Killed a komodo dragon
 10795 | D:9      | Learned a level 5 spell: Agony
 10973 | D:10     | Entered Level 10 of the Dungeon
 11062 | D:10     | Found a portal to a secret trove of treasure.
 11217 | D:10     | Noticed a hill giant
 11246 | D:10     | Killed a hill giant
 11246 | D:10     | Reached skill level 8 in Necromancy
 11777 | D:10     | Gained mutation: You are robust (+10% HP). [evolution]
 12212 | D:11     | Reached XP level 11. HP: 82/101 MP: 15/18
 12786 | D:11     | Noticed a griffon
 12794 | D:11     | Killed a griffon
 12794 | D:11     | Reached skill level 9 in Necromancy
 13133 | D:11     | Noticed a cyclops
 13343 | D:11     | Found a staircase to the Orcish Mines.
 13490 | D:11     | Upgraded the game from 0.17.0-1-g61d176b to 0.17.0-7-gfadd4cc
 13529 | D:11     | Reached ***** piety under Kikubaaqudgha
 13986 | D:11     | Noticed Maud
 13996 | D:11     | Banished Maud
 13996 | D:11     | Reached skill level 10 in Necromancy
 14776 | D:11     | Noticed a hill giant
 15065 | D:11     | Killed a hill giant
 15223 | D:11     | Gained mutation: You possess an exceptional clarity of mind. [evolution]
 15230 | D:11     | Killed a cyclops
 15587 | D:11     | Found a staircase to the Lair.
 15593 | Lair:1   | Entered Level 1 of the Lair of Beasts
 15968 | Lair:1   | Noticed Erica
 16335 | Lair:1   | Reached skill level 11 in Necromancy
 16335 | Lair:1   | Reached XP level 12. HP: 113/113 MP: 9/19
 17048 | Lair:2   | Noticed Urug
 17379 | Lair:2   | Reached skill level 5 in Spellcasting
 18178 | Lair:2   | Killed Urug
 18544 | Lair:2   | Noticed a four-headed hydra
 18557 | Lair:2   | Killed a four-headed hydra
 20865 | Lair:3   | Reached skill level 12 in Necromancy
 21079 | Lair:3   | Learned a level 5 spell: Cigotuvi's Embrace
 22772 | Lair:4   | Reached skill level 10 in Fighting
 23064 | Lair:4   | Noticed Rupert
 23064 | Lair:4   | hi rupter
 23064 | Lair:4   | plz no kil
 23126 | Lair:4   | ...
 23213 | Lair:4   | Reached ****** piety under Kikubaaqudgha
 23340 | Lair:4   | Learned a level 3 spell: Confuse
 23378 | Lair:4   | ...
 23459 | Lair:4   | Noticed Harold
 23704 | Lair:4   | cmon
 24112 | Lair:3   | Reached skill level 1 in Hexes
 24211 | Lair:3   | Reached XP level 13. HP: 96/124 MP: 23/23
 24315 | Lair:3   | Learned a level 5 spell: Excruciating Wounds
 24335 | Lair:3   | Gained mutation: You have sharp fingernails. [evolution]
 24370 | Lair:3   | Noticed a six-headed hydra
 24401 | Lair:3   | Killed a six-headed hydra
 26448 | Lair:6   | Found a staircase to the Slime Pits.
 26448 | Lair:6   | Found a viscous altar of Jiyva.
 26703 | Lair:6   | Found a hole to the Spider Nest.
 26777 | Lair:6   | Reached skill level 5 in Hexes
 27277 | Lair:5   | Gained mutation: You are very robust (+20% HP). [evolution]
 27277 | Lair:5   | Lost mutation: You evolve. [end of evolution]
 27437 | Lair:6   | Reached skill level 1 in Short Blades
 28638 | Lair:7   | Reached skill level 10 in Dodging
 29547 | Lair:7   | Reached skill level 5 in Short Blades
 30136 | Lair:8   | Entered Level 8 of the Lair of Beasts
 30470 | Lair:8   | Reached XP level 14. HP: 92/146 MP: 15/25
 33449 | Lair:8   | Reached skill level 13 in Necromancy
 34000 | Lair:8   | Identified the Disquisition on Creative Beguiling
 34049 | Lair:8   | dat loot
 35175 | Lair:8   | plz flying
 35177 | Lair:8   | ...
 35690 | Spider:1 | Entered Level 1 of the Spider Nest
 35966 | Lair:4   | Found a staircase to the Swamp.
 36641 | Swamp:1  | Entered Level 1 of the Swamp
 37037 | Orc:1    | Entered Level 1 of the Orcish Mines
 37097 | Orc:1    | stop lags plz
 37284 | Orc:1    | Found Vicroil's Magic Scroll Shoppe.
 37354 | Orc:1    | Bought a scroll of recharging for 123 gold pieces
 37354 | Orc:1    | Bought a scroll of teleportation for 39 gold pieces
 37354 | Orc:1    | Bought a scroll of amnesia for 45 gold pieces
 37354 | Orc:1    | Bought a scroll of identify for 26 gold pieces
 37592 | Orc:2    | Found a frozen archway.
 37643 | IceCv    | Entered an ice cave
 38662 | IceCv    | fuh
 38688 | IceCv    | Identified the Tome of Companions
 38696 | IceCv    | Noticed a frost giant
 38752 | IceCv    | Reached XP level 15. HP: 115/160 MP: 26/26
 38823 | IceCv    | ...
 38835 | IceCv    | Killed a frost giant
 38917 | IceCv    | Identified the Compendium of Contamination
 38922 | IceCv    | plz flying
 39224 | Orc:2    | Found a roughly hewn altar of Beogh.
 39226 | Orc:2    | Noticed Maurice
 39277 | Orc:2    | Killed Maurice
 39335 | Orc:3    | Found Pemeselo's Assorted Antiques.
 39350 | Orc:3    | Bought a pair of slimy gloves for 285 gold pieces
 39350 | Orc:3    | Bought a scroll of amnesia for 105 gold pieces
 39367 | Orc:3    | Identified the +3 pair of gloves of Lomoacyst {Int+4 Dex+4} (You bought it in a shop on level 3 of the Orcish Mines)
 39404 | Orc:3    | Found Yvotudos's Antique Weapon Shoppe.
 39416 | Orc:3    | Found Moso's Distillery.
 39436 | Orc:3    | Bought a potion of flight for 48 gold pieces
 39444 | Orc:3    | Found Nane's Armour Boutique.
 39561 | Orc:3    | Found Taibb's General Store.
 39574 | Orc:3    | Bought a scroll of blinking for 82 gold pieces
 39574 | Orc:3    | Bought a potion of brilliance for 44 gold pieces
 39840 | Orc:4    | Entered Level 4 of the Orcish Mines
 39891 | Orc:4    | Found a staircase to the Elven Halls.
 39892 | Orc:4    | Found Woiroam's Gadget Boutique.
 39923 | Orc:4    | Paralysed by you for 3 turns
 39989 | D:11     | Paralysed by you for 2 turns
 40647 | Orc:4    | Got a steaming cloak
 40658 | Orc:4    | Identified the +2 cloak of the Bulwark {rC- rN++ Int+7} (You found it on level 4 of the Orcish Mines)
 40997 | Orc:4    | Reached skill level 14 in Necromancy
 41055 | Orc:4    | Found Enaorry's Food Emporium.
 41079 | Orc:4    | Found Qeupt's Food Shoppe.
 41557 | Orc:4    | :)
 42041 | Orc:4    | distort is annoing
 42041 | Orc:4    | so much that i can't even spell it right
 42463 | Orc:4    | finally
 42841 | Orc:4    | Found Kofihin's Antique Weapon Shop.
 42841 | Orc:4    | Found Syunaol's Book Boutique.
 42842 | Orc:4    | Found a one-way gate leading to the halls of Pandemonium.
 42856 | Orc:4    | like seriously
 42958 | Orc:3    | Bought a scroll of vulnerability for 82 gold pieces
 43337 | Lair:4   | Paralysed by Rupert for 2 turns
 43646 | Lair:2   | Paralysed by Rupert for 3 turns
 43652 | Lair:2   | dat guy...
 43821 | Lair:2   | ffs
 43821 | Lair:2   | ruprert plz
 43821 | Lair:2   | wtf r u doing man
 43821 | Lair:2   | just fuken para me already wtf
 43832 | Lair:2   | Took a swim in molten lava

Action                   |  1- 3 |  4- 6 |  7- 9 | 10-12 | 13-15 || total
-------------------------+-------+-------+-------+-------+-------++-------
Melee: Dagger            |       |    36 |     5 |       |       ||    41
       Flail             |       |       |   135 |   124 |       ||   259
       Staff             |       |       |       |     4 |       ||     4
       Rapier            |       |       |       |   865 |  2133 ||  2998
 Fire: Blowgun           |       |       |       |    80 |       ||    80
Throw: Stone             |       |       |    17 |     3 |       ||    20
       Throwing net      |       |       |       |     1 |       ||     1
 Cast: Magic Dart        |    95 |   186 |   259 |   447 |       ||   987
       Mephitic Cloud    |       |    13 |    31 |   138 |   115 ||   297
       Call Imp          |       |     1 |     9 |       |       ||    10
       Blink             |       |     1 |       |     3 |     2 ||     6
       Conjure Flame     |       |     1 |    37 |   124 |   180 ||   342
       Repel Missiles    |       |       |     2 |     1 |       ||     3
       Agony             |       |       |       |    52 |    33 ||    85
       Cigotuvi's Embrac |       |       |       |     8 |   104 ||   112
       Confuse           |       |       |       |       |    94 ||    94
Invok: Torment           |       |       |       |     1 |     2 ||     3
       Receive Corpses   |       |       |       |       |    30 ||    30
 Abil: Breathe Dispellin |       |       |     6 |     1 |     3 ||    10
Evoke: Wand              |       |       |       |    24 |    24 ||    48
  Use: Scroll            |       |       |       |    32 |    15 ||    47
       Potion            |       |       |       |     3 |    16 ||    19
 Stab: Confused          |       |       |     1 |    28 |    38 ||    67
       Sleeping          |       |       |       |     3 |       ||     3
       Distracted        |       |       |       |     1 |     3 ||     4
  Eat: Chunk             |     2 |     8 |    17 |    48 |    55 ||   130
       Bread ration      |       |       |     1 |     1 |     2 ||     4
       Royal jelly       |       |       |     1 |     2 |     4 ||     7
       Pizza             |       |       |       |     1 |     1 ||     2
       Beef jerky        |       |       |       |     9 |    12 ||    21
       Fruit             |       |       |       |     3 |     2 ||     5
       Meat ration       |       |       |       |       |     2 ||     2
